 Dungeon Crawl Stone Soup version 0.21.1-1-g345015f (webtiles) character file.

408 suicidejoker the Cudgeler (level 6, 0/42 HPs)
             Began as an Octopode Gladiator on Apr 21, 2018.
             Slain by a sky beast (5 damage)
             ... on level 5 of the Dungeon.
             The game lasted 00:05:36 (3769 turns).

suicidejoker the Cudgeler (Octopode Gladiator)      Turns: 3769, Time: 00:05:36

Health: 0/42       AC:  2    Str: 15    XL:     6   Next: 88%
Magic:  6/6        EV: 15    Int: 10    God:
Gold:   190        SH:  0    Dex: 14    Spells: 5/5 levels left

rFire    . . .     SeeInvis .   a - +1 morningstar
rCold    . . .     Gourm    .   (no shield)
rNeg     . . .     Faith    .   m - +1 hat
rPois    +         Spirit   .   (no amulet)
rElec    .         Reflect  .   p - ring of poison resistance
rCorr    .         Harm     .   (no ring)
MR       .....                  (no ring)
Stlth    ++++......             (no ring)
HPRegen  0.14/turn              (no ring)
MPRegen  0.10/turn              (no ring)
                                (no ring)
                                (no ring)

@: no status effects
A: almost no armour, stealthy swim, amphibious, 8 rings, constrict 8, camouflage
1, gelatinous body 1
a: no special abilities


You were on level 5 of the Dungeon.
You were not hungry.

You visited 1 branch of the dungeon, and saw 5 of its levels.

You collected 190 gold pieces.

Inventory:

Hand Weapons
 a - a +1 morningstar (weapon)
 b - the +1 hunting sling "Kauluumit" {velocity, Dex+2}
   (You found it on level 5 of the Dungeon)

   Any stone fired from it inflicts extra damage.
   It affects your dexterity (+2).
Missiles
 c - 3 throwing nets (quivered)
 f - 50 bolts
 k - 148 stones
 l - 86 arrows
 n - 8 sling bullets
Armour
 m - a +1 hat (worn)
Jewellery
 p - a ring of poison resistance (left tentacle)
 y - a cursed ring of teleportation {unknown}
Wands
 x - a wand of enslavement (16)
Scrolls
 h - 3 scrolls of remove curse
 i - 2 scrolls of amnesia
 o - 3 scrolls of identify
 s - a scroll of fear
 t - a scroll of immolation
Potions
 e - 2 potions of haste {unknown}
 q - a potion of mutation {unknown}
 r - a potion of heal wounds {unknown}
 u - 3 potions of curing {unknown}
 w - a potion of brilliance {unknown}
Comestibles
 d - 8 rations


   Skills:
 + Level 3.5 Fighting
 * Level 5.2 Maces & Flails
 - Level 2.0 Throwing
 + Level 4.2 Dodging
 + Level 4.1 Stealth


You had 5 spell levels left.
You didn't know any spells.

Dungeon Overview and Level Annotations

Branches:
Dungeon (5/15)
 Temple: D:4-7

Altars:
Elyvilon
Nemelex Xobeh
Sif Muna
Wu Jian
Xom


Innate Abilities, Weirdness & Mutations

You cannot wear most types of armour.
You are very stealthy in the water. (Stealth+)
You are amphibious.
You can wear up to eight rings at the same time.
You can use your tentacles to constrict eight enemies at once.
Your skin changes colour to match your surroundings (Stealth+).
Your rubbery body absorbs attacks. (AC +1, EV +1)


Message History

The sky beast is severely wounded.
The sky beast barely misses you. The sky beast hits you.
The sky beast shocks you.
You hit the sky beast. You squeeze the sky beast.
The sky beast is almost dead.
The sky beast closely misses you.
You barely miss the sky beast.
The sky beast is almost dead.
The sky beast barely misses you.
You barely miss the sky beast. Your squeeze misses the sky beast.
The sky beast is almost dead.
The sky beast flickers out of sight!
Deactivating autopickup; reactivate with Ctrl-A.
Something barely misses you.
You closely miss something. Something hits you. Something shocks you.
* * * LOW HITPOINT WARNING * * *
Something hits you.
* * * LOW HITPOINT WARNING * * *
Something shocks you.
You die...

........#
>.......# .((.#
........# (...
........# (..
.......## #..
.<....## .(
.....######## .#
###..........
##{#
###.##########@.#
#...## #....##
###..####.####
##..##..#
##.†..## #....#
....##..#
.[.######..# ##
#...


There were no monsters in sight!

Vanquished Creatures
  Grinder (D:3)
  A bullfrog skeleton (D:4)
  A centaur skeleton (D:4)
  An iguana (D:4)
  4 adders
  A shadow imp (D:4)
  2 oozes
  An adder skeleton (D:4)
  3 worms
  5 dart slugs
  2 leopard geckos
  4 orcs (D:4)
  4 giant cockroaches
  5 goblins
  6 hobgoblins
  3 jackals (D:2)
  2 quokkas
  5 bats
  5 frilled lizards
  7 kobolds
  9 rats
72 creatures vanquished.

Notes
Turn   | Place    | Note
-------+----------+-------------------------------------------
     0 | D:1      | suicidejoker the Octopode Gladiator began the quest for the Orb.
     0 | D:1      | Reached XP level 1. HP: 14/14 MP: 1/1
    54 | D:1      | Reached XP level 2. HP: 12/19 MP: 2/2
   195 | D:1      | Reached skill level 1 in Stealth
   625 | D:1      | Reached XP level 3. HP: 17/24 MP: 3/3
  1033 | D:2      | Found a white marble altar of Elyvilon.
  1543 | D:2      | Found an ornate altar of the Wu Jian Council.
  1598 | D:2      | Reached XP level 4. HP: 27/30 MP: 4/4
  1805 | D:2      | Found a deep blue altar of Sif Muna.
  1844 | D:3      | Found a sparkling altar of Nemelex Xobeh.
  2138 | D:3      | Reached skill level 4 in Maces & Flails
  2250 | D:3      | Noticed Grinder
  2268 | D:3      | Paralysed by Grinder for 5 turns
  2280 | D:3      | Killed Grinder
  2280 | D:3      | Reached XP level 5. HP: 36/36 MP: 5/5
  2280 | D:3      | Reached XP level 6. HP: 42/42 MP: 6/6
  2805 | D:4      | Reached skill level 5 in Maces & Flails
  3677 | D:5      | Entered Level 5 of the Dungeon
  3684 | D:5      | Found a shimmering altar of Xom.
  3687 | D:5      | Got an ichor-stained hunting sling
  3689 | D:5      | Identified the +1 hunting sling "Kauluumit" {velocity, Dex+2} (You found it on level 5 of the Dungeon)
  3750 | D:5      | Noticed a sky beast
  3769 | D:5      | Slain by a sky beast

Skill      XL: |  1  2  3  4  5  6 |
---------------+-------------------+-----
Stealth        | 1 2 3 4 |  4.1
Maces & Flails | 4 5 |  5.2
Fighting       | 3 |  3.5
Dodging        | 4 |  4.2
Throwing       | |  2.0

Action                   |  1- 3 |  4- 6 || total
-------------------------+-------+-------++-------
Melee: Flail             |    63 |    51 ||   114
       Constrict         |    23 |    19 ||    42
       Tentacles         |    14 |    17 ||    31
       Unarmed           |       |    12 ||    12
       Morningstar       |       |    21 ||    21
 Fire: Hunting sling     |       |    10 ||    10
Throw: Stone             |       |     4 ||     4
       Throwing net      |       |     3 ||     3
  Use: Scroll            |       |     9 ||     9
       Potion            |       |     1 ||     1
 Stab: Sleeping          |     7 |    11 ||    18
  Eat: Chunk             |     1 |     8 ||     9
Armor: Skin              |     9 |    12 ||    21
Dodge: Dodged            |    45 |    40 ||    85
